 Dungeon Crawl Stone Soup version 0.19.5 (webtiles) character file.

667822 tidbits the Elven Blade (level 26, -7/194 HPs)
             Began as a High Elf Artificer on July 15, 2017.
             Was a High Priest of Okawaru.
             Mangled by a reaper
             ... wielding a +2 scythe of flaming
             ... summoned by the effects of Hell
              (20 damage)
             ... on level 7 of Gehenna on July 16, 2017.
             The game lasted 10:04:32 (36217 turns).

tidbits the Elven Blade (High Elf Artificer)       Turns: 36217, Time: 10:04:33

Health: -7/194     AC: 36    Str: 19    XL:     26   Next: 59%
Magic:  39/46      EV: 32    Int: 19    God:    Okawaru [*****.]
Gold:   4221       SH:  0    Dex: 25    Spells: 16 memorised, 11 levels left

rFire  + . .     SeeInvis +     a - +1 triple sword (holy)
rCold  + + .     Gourm    .     B - +7 swamp dragon scales
rNeg   + + +     Faith    +     (shield currently unavailable)
rPois  +         Spirit   .     E - +2 helmet of the Swamp {*Drain rN+++ Regen+}
rElec  +         Reflect  .     C - +2 cloak of the Thief {+Fog Slay-2 SInv Stlth+}
rCorr  .         Harm     .     G - +0 pair of gloves of Zin's Favour {MR+}
MR     ++++.                    F - +2 pair of boots "Jusoll" {Slay+3}
Stlth  +++.......               x - amulet of Gyimpezi {Faith +Inv rC+ Int-2 Slay+2}
                                f - ring of Cusm {rF+ rC+ MR+ SInv}
                                M - ring of Xecel {rElec rN+ Str+4 Dex+5 SInv}

@: lethally poisoned (-7 -> -7), liquid flames, heroism, finesse, regenerating,
glowing
A: yellow scales 1
a: Heroism, Finesse, Renounce Religion, Evoke Fog, Evoke Invisibility
}: 6/15 runes: decaying, serpentine, slimy, silver, iron, bone


You were on level 7 of Gehenna.
You worshipped Okawaru.
Okawaru was extremely pleased with you.
You were not hungry.

You visited 14 branches of the dungeon, and saw 72 of its levels.
You also visited: Bailey and Desolation.

You collected 7487 gold pieces.
You spent 3266 gold pieces at shops.

Inventory:

Hand Weapons
 a - a +1 triple sword of holy wrath (weapon)
   (Okawaru gifted it to you on level 5 of the Depths)
 b - a +6 great sword of electrocution
   (Okawaru gifted it to you on level 4 of the Depths)
 e - the +4 staff of Dispater
   (You took it off Dispater on level 7 of the Iron City of Dis)
 j - the +4 double sword of Atathreg {pain, rC+}
   (Okawaru gifted it to you on level 6 of Gehenna)

   In the hands of one skilled in necromantic magic, it inflicts extra damage on
   living creatures.
   It protects you from cold.
Armour
 B - +7 swamp dragon scales (worn)
   (You found it on level 1 of the Swamp)
 C - the +2 cloak of the Thief (worn) {+Fog Slay-2 SInv Stlth+}
   (You found it on level 5 of the Vaults)

   It affects your accuracy and damage with ranged weapons and melee attacks
   (-2).
   It lets you see invisible.
   It can be evoked to emit clouds of fog.
   It makes you more stealthy.
 E - the +2 helmet of the Swamp (worn) {*Drain rN+++ Regen+}
   (You bought it in a shop on level 1 of the Vaults)

   It renders you almost immune to negative energy.
   It increases your rate of regeneration.
   It causes draining when unequipped.
 F - the +2 pair of boots "Jusoll" (worn) {Slay+3}
   (Okawaru gifted it to you on level 6 of the Lair of Beasts)

   It affects your accuracy and damage with ranged weapons and melee attacks
   (+3).
 G - the +0 pair of gloves of Zin's Favour (worn) {MR+}
   (You found it in a bailey)

   It affects your resistance to hostile enchantments.
Rods
 c - a +8 rod of ignition (12/12)
   (You found it on level 7 of the Iron City of Dis)
Jewellery
 f - the ring of Cusm (right hand) {rF+ rC+ MR+ SInv}
   (You took it off Dispater on level 7 of the Iron City of Dis)

   [ring of protection from magic]

   It protects you from fire.
   It protects you from cold.
   It affects your resistance to hostile enchantments.
   It lets you see invisible.
 n - an uncursed amulet of rage
   (You found it on level 2 of the Dungeon)
 x - the amulet of Gyimpezi (around neck) {Faith +Inv rC+ Int-2 Slay+2}
   (You found it on level 3 of the Elven Halls)

   [amulet of faith]

   It allows you to gain divine favour quickly.
   It affects your intelligence (-2).
   It affects your accuracy and damage with ranged weapons and melee attacks
   (+2).
   It protects you from cold.
   It lets you turn invisible.
 z - the ring of Ipnata {rC+ rN+ Int+5}
   (You found it on level 7 of the Iron City of Dis)

   [ring of intelligence]

   It affects your intelligence (+5).
   It protects you from cold.
   It protects you from negative energy.
 K - an uncursed ring of resist corrosion
   (You found it on level 1 of the Elven Halls)
 M - the ring of Xecel (left hand) {rElec rN+ Str+4 Dex+5 SInv}
   (You took it off a vault warden on level 5 of the Vaults)

   [ring of see invisible]

   It affects your strength (+4).
   It affects your dexterity (+5).
   It insulates you from electricity.
   It protects you from negative energy.
   It lets you see invisible.
 Y - a +4 ring of slaying
   (You found it on level 3 of the Elven Halls)
Wands
 d - a wand of disintegration (11/24)
   (You found it on level 1 of the Swamp)
 k - a wand of enslavement (22/24)
 p - a wand of paralysis (22/24)
   (You found it on level 1 of the Lair of Beasts)
 u - a wand of teleportation (1/9)
   (You found it on level 1 of the Snake Pit)
 A - a wand of heal wounds (7/9)
   (You found it on level 2 of the Snake Pit)
 U - a wand of digging (8/24)
   (You found it on level 1 of the Snake Pit)
Scrolls
 i - a scroll of identify
 q - 5 scrolls of immolation
 r - 7 scrolls of remove curse
 v - a scroll of summoning
 I - a scroll of blinking
 O - 2 scrolls of magic mapping
 W - 4 scrolls of fear
 X - 6 scrolls of fog
Potions
 g - 5 potions of curing
 h - 4 potions of haste
 l - 2 potions of heal wounds
 m - 5 potions of resistance
 t - 2 potions of magic
 w - 3 potions of cancellation
 P - 2 potions of flight
 Q - a potion of cure mutation
 R - a potion of agility
 V - 5 potions of brilliance
 Z - 3 potions of ambrosia
Miscellaneous
 s - 2 boxes of beasts
 J - 4 phantom mirrors
 N - a disc of storms
   (You found it on level 3 of the Elven Halls)
 T - 3 sacks of spiders
Comestibles
 o - 6 bread rations


   Skills:
 - Level 19.5(24.5) Fighting
   Level 1.2(21.5) Short Blades
 - Level 24.0(27) Long Blades
   Level 7.6(12.6) Bows
 - Level 16.3(21.3) Armour
 - Level 16.3(21.3) Dodging
 - Level 6.0(11.0) Stealth
   Level 4.0(9.0) Shields
 - Level 18.8 Spellcasting
 - Level 5.4 Hexes
 - Level 7.0 Charms
 - Level 5.7 Summonings
 + Level 18.1 Necromancy
 - Level 10.1 Translocations
 - Level 6.6 Transmutations
 - Level 1.8 Earth Magic
 - Level 10.0 Invocations
 + Level 7.4 Evocations


You had 11 spell levels left.
You knew the following spells:

 Your Spells              Type           Power        Failure   Level  Hunger
b - Blink                 Tloc           N/A          1%          2    None
c - Confuse               Hex            #####...     1%          3    None
g - Shroud of Golubria    Chrm/Tloc      ######....   1%          2    None
l - Lesser Beckoning      Tloc           ######....   1%          3    None
m - Repel Missiles        Chrm/Air       ####..       1%          2    None
n - Animate Skeleton      Necr           N/A          0%          1    None
p - Passwall              Tmut/Erth      ####......   1%          2    None
r - Regeneration          Chrm/Necr      ######....   1%          3    None
s - Song of Slaying       Chrm           #####...     1%          2    None
u - Tukima's Dance        Hex            #####...     1%          3    None
w - Spectral Weapon       Hex/Chrm       #####...     1%          3    None
A - Aura of Abjuration    Summ           #####.....   14%         5    ##.....
C - Control Undead        Necr           ######....   1%          4    None
K - Borgnjor's Revivific  Necr           ######....   17%         8    #######
N - Animate Dead          Necr           N/A          1%          4    None
P - Passage of Golubria   Tloc           N/A          1%          4    None


Dungeon Overview and Level Annotations

Branches:
Dungeon (15/15)            Temple (1/1) D:6            Lair (6/6) D:8
  Swamp (4/4) Lair:2        Snake (4/4) Lair:4        Slime (5/5) Lair:5
    Orc (2/2) D:9             Elf (3/3) Orc:2        Vaults (5/5) D:13
  Crypt (0/3) Vaults:2     Depths (5/5) D:15           Hell (1/1)
    Dis (7/7) Hell            Geh (7/7) Hell            Coc (0/7) Hell
    Tar (7/7) Hell
    Zot: Depths:5

Altars:
Ashenzari
Cheibriados
Dithmenos
Elyvilon
Fedhas
Gozag
Hepliaklqana
Kikubaaqudgha
Makhleb
Nemelex Xobeh
Okawaru
Qazlal
Ru
Sif Muna
Trog
Uskayaw
Vehumet
Xom
Yredelemnul
Zin
The Shining One
Beogh
Jiyva

Shops:
D:7 ?   D:8 (   Orc:2 [=(*   Elf:1 *   Snake:1 [[:=}   Snake:4 =}=   Vaults:1 [
Vaults:5 [   Depths:2 ??(*

Portals:
Hell: Depths:1 Depths:2 Depths:3 Depths:5
Abyss: Depths:3
Pandemonium: Depths:1
Ziggurat: Depths:3
Bazaar: Snake:4

Annotations:
D:3 Azzok's ghost, amateur MiFi
D:8 exclusion: big kobold
D:12 Monsterracer's ghost, journeyman OgGl
Swamp:2 exclusion: Roxanne, Roxanne


Innate Abilities, Weirdness & Mutations

You are partially covered in yellow scales. (AC +2)


Message History

A hellion and a zombie come into view.
Your fire giant skeleton hits the hellion with a great sword of flaming!
Your fire giant skeleton burns the hellion.
Unknown command.
The hellion hits your fire giant skeleton!
The anaconda zombie grabs you.
The anaconda zombie bites you but does no damage.
The anaconda zombie constricts you.
You closely miss the anaconda zombie.
Something hits your fire giant skeleton!
Your fire giant skeleton hits the anaconda zombie with a great sword of flaming!
Your fire giant skeleton burns the anaconda zombie.
The anaconda zombie completely misses you.
The anaconda zombie constricts you.
You slash the anaconda zombie!
The anaconda zombie convulses!
The anaconda zombie is moderately damaged.
The anaconda zombie bites you! The anaconda zombie constricts you.
Something hits your fire giant skeleton!!!
Something burns your fire giant skeleton!
Something hits your fire giant skeleton but does no damage.
You hear a roar!
You hear a shout!
You slash the anaconda zombie!
The anaconda zombie convulses!
The anaconda zombie is heavily damaged.
The anaconda zombie bites you but does no damage.
The anaconda zombie constricts you.
Your fire giant skeleton hits the anaconda zombie with a great sword of flaming!
Your fire giant skeleton burns the anaconda zombie.
You slash the anaconda zombie!
The anaconda zombie convulses!
The anaconda zombie is almost destroyed.
Something hits your fire giant skeleton but does no damage.
The anaconda zombie misses you.
You riposte.
You slash the anaconda zombie!
You destroy the anaconda zombie!
Okawaru accepts your kill.
Something hits your fire giant skeleton!
Something burns your fire giant skeleton.
Casting: Spectral Weapon
Confirm with . or Enter, or press ? or * to list all spells.
Your skin crawls.
Something hits your fire giant skeleton.
You swap places.
A Brimstone Fiend comes into view.
The hellion gestures at you.
The sphere of damnation explodes!
The damnation engulfs you!
The damnation engulfs your fire giant skeleton.
Your fire giant skeleton is destroyed!
The reaper hits you from afar with a scythe of flaming!
The reaper burns you.
You hear a roar!
You slice the hellion like a ripe choko!!!
You kill the hellion!
Okawaru accepts your kill.
The reaper hits you from afar with a scythe of flaming!!
You see here a great sword of flaming.
You fail to use your ability.
You fail to use your ability.
The reaper completely misses you.
With a swish of your cloak, you release a cloud of fog.
You feel quite a bit more hungry. The balrug gestures at you.
The fireball explodes!
The fireball engulfs you! You resist.
The fireball engulfs the balrug.
The balrug completely resists.
The reaper smiles without lips.
The reaper barely misses you.
You hit the balrug.
The balrug convulses.
The balrug is lightly wounded.
The balrug hits you but does no damage.
You are poisoned.
You can now deal lightning-fast blows.
You feel sick. The balrug barely misses you.
The reaper hits you from afar with a scythe of flaming!
* * * LOW HITPOINT WARNING * * *
The reaper burns you.
* * * LOW HITPOINT WARNING * * *
Unknown command.
You slice the balrug!!
The balrug convulses!!
The balrug is almost dead.
The Brimstone Fiend calls on the powers of darkness!
Your body is wracked with pain!
* * * LOW HITPOINT WARNING * * *
Unknown command.
You barely miss the balrug.
The balrug is almost dead.
You feel sick. The balrug gestures at you. The sticky flame hits you!
You resist.
You are covered in liquid flames!
* * * LOW HITPOINT WARNING * * *
You closely miss the balrug.
The balrug is almost dead.
You are covered in liquid flames!
You slash the balrug!
The balrug convulses!
You kill the balrug!
Okawaru accepts your kill.
You are covered in liquid flames!
The Brimstone Fiend gestures at you.
The sphere of damnation explodes!
The damnation engulfs you!
* * * LOW HITPOINT WARNING * * *
The damnation engulfs the Brimstone Fiend.
The Brimstone Fiend completely resists.
The reaper hits you from afar with a scythe of flaming!!
You die...

≈≈≈v≈§≈≈≈≈≈≈≈≈≈≈≈§≈≈≈###'###≈§§≈≈
≈≈§§≈≈≈≈≈≈≈≈≈≈≈≈≈≈≈§##.....##≈§≈≈
≈≈≈≈≈≈§≈≈≈≈≈≈≈≈≈≈≈≈##.......##§≈≈
≈≈≈≈≈≈≈≈≈≈≈≈≈≈≈≈≈≈##..#####..#*≈≈
*****≈≈≈≈≈≈≈≈≈≈≈≈##..## *#..#*≈
******≈≈≈≈≈≈≈≈≈≈##..##******#..#*
,,,,***≈≈≈≈≈≈≈≈##§§##,,,,,,,*#2.*
,,,,,**≈≈≈≈≈≈≈##§§##*,,,,,,,**#.,
*,,*,,********#§@## *,,,,,,,* **,
,,,,,,+,,,,,,,+1§#######'#******,
*,,*,,********#§§2..1.....,,,,,,,
,,,,,**≈≈≈≈≈≈≈#....)......,,,,,,,
,,,,***≈≈≈≈≈≈≈####...#####**,,,**
******≈≈≈≈≈≈≈≈≈≈≈#####≈≈≈≈≈*****≈
*****≈≈≈≈≈≈≈≈≈≈≈≈≈≈≈≈≈≈≈≈≈≈≈≈≈≈≈≈
≈≈≈≈≈≈≈≈≈≈≈≈≈≈≈≈≈≈≈≈≈≈≈≈≈≈≈≈≈≈≈≈≈
≈≈≈≈≈≈≈≈≈≈≈≈≈≈≈≈≈≈≈≈≈≈≈≈≈≈≈≈≈≈≈≈≈


You could see a Brimstone Fiend and a reaper.

Vanquished Creatures
  the Royal Jelly (Slime:5)
  the Serpent of Hell (Dis:7)
  Ereshkigal (Tar:7)
  An ancient lich (Vaults:5)
  Dispater (Dis:7)
  A juggernaut (Depths:5)
  Boris (Depths:3)
  Sojobo (Vaults:2)
  Bai Suzhen (Snake:4)
  Saint Roka (Orc:2)
  A caustic shrike (Depths:4)
  Geryon (Hell)
  4 golden dragons
  2 bone dragons
  A doom hound (Tar:7)
  17 Tzitzimimeh
  2 iron giants
  Jorgrun (Swamp:2)
  2 Brimstone Fiends
  2 Ice Fiends (Dis:7)
  A hellephant (Hell)
  6 Hell Sentinels
  5 tentacled monstrosities
  4 titans
  3 deep elf blademasters (Elf:3)
  3 liches
  Kirke (Swamp:2)
  14 acid blobs
  2 Executioners
  6 sphinxes
  5 ancient champions
  A thorn hunter (Swamp:4)
  Gastronok (D:9)
  4 shadow dragons
  4 storm dragons
  7 azure jellies
  7 nagarajas (Snake:4)
  8 tengu reavers
  10 frost giants
  11 fire giants
  15 deep elf sorcerers
  2 imperial myrmidons (Desolation)
  An orc warlord (Elf:1)
  4 iron dragons
  10 vault wardens
  Aizul (Elf:3)
  10 balrugs
  A deep elf elementalist (Elf:3)
  Louise (Depths:3)
  5 cacodemons (Dis:7)
  34 reapers
  4 vampire knights
  4 war gargoyles
  7 ironheart preservers
  2 spriggan defenders
  13 very ugly things
  16 stone giants
  6 deep elf demonologists
  A dire elephant (D:15)
  11 deep elf annihilators
  A spark wasp (shapeshifter) (Elf:3)
  Snorg (Lair:5)
  4 crystal guardians
  10 ettins
  The ghost of murphy the Eclecticist, a journeyman DECj of Vehumet (Swamp:4)
  A blizzard demon (Hell)
  3 jiangshi (Tar:3)
  4 ragged hierophants (Desolation)
  7 deep elf high priests
  A quicksilver dragon zombie (Dis:7)
  5 death oozes
  2 spectral krakens (Tar:7)
  7 deep elf death magi
  7 great orbs of eyes
  6 fire dragons
  11 ogre magi
  Erolcha (D:11)
  29 vault guards
  2 peacekeepers
  5 servants of whispers (Desolation)
  13 hydras
  12 naga warriors
  9 yaktaur captains
  6 ice dragons
  4 rakshasas
  6 centaur warriors
  2 quicksilver dragon skeletons
  The ghost of Azzok the Fighter, a novice MiFi of Okawaru (D:9)
  7 anacondas
  3 ghost crabs
  3 spriggan air magi (Depths:2)
  A death knight (Vaults:3)
  Erica (D:8)
  A catoblepas (Lair:6)
  3 tengu warriors (Depths:2)
  5 deep troll shamans
  2 titan zombies (Dis:7)
  2 vampire magi
  5 deep troll earth magi
  6 dancing weapons
  4 death yaks
  9 alligators
  An orc high priest (Elf:3)
  6 shock serpents
  4 spriggan berserkers
  9 hell hogs
  13 sun demons
  11 spriggans
  12 naga sharpshooters
  Urug (D:11)
  A storm dragon zombie (Geh:7)
  13 soul eaters
  An iron golem (Geh:6)
  15 hell knights
  A fire crab (Lair:6)
  A titan skeleton (Geh:5)
  9 deep elf knights
  16 iron trolls
  33 skeletal warriors
  A spark wasp zombie (Depths:4)
  5 salamander mystics
  A storm dragon skeleton (Geh:3)
  2 shadow wraiths (Vaults:5)
  2 golden dragon zombies
  19 deep trolls
  6 glowing orange brains
  6 anaconda zombies
  6 wizards
  An unseen horror (D:10)
  A glowing orange brain (shapeshifter) (Vaults:5)
  A shambling mangrove (Swamp:4)
  6 naga ritualists
  A spriggan druid (Swamp:2)
  18 shadow demons
  2 spectral hydras (Swamp:4)
  7 swamp dragons
  An unseen horror (shapeshifter) (Elf:1)
  2 flayed ghosts
  2 sea snakes (Snake:2)
  5 deep elf archers
  4 shadow dragon zombies
  The ghost of Rhok the Basher, a novice TrBe of Trog (D:7)
  5 phantasmal warriors
  10 mana vipers
  2 anaconda skeletons
  6 hill giants
  Pikel (D:8)
  11 ironbrand convokers
  13 necromancers
  A sphinx zombie (Depths:4)
  A wolf spider zombie (Hell)
  26 ugly things
  A shadow dragon skeleton (Dis:7)
  3 harpies
  A lindwurm (Lair:6)
  45 deep elf magi
  3 orc sorcerers
  5 manticores
  2 stone giant zombies
  2 fire giant zombies
  16 orc knights
  3 iron dragon zombies
  4 cyclopes
  5 frost giant zombies
  10 salamanders
  3 wolf spiders
  2 centaur zombies (D:14)
  7 elephants (Lair:6)
  A salamander (shapeshifter) (Depths:3)
  8 shining eyes
  A fire giant skeleton (Geh:6)
  A frost giant skeleton (Tar:7)
  An elephant (shapeshifter) (Vaults:2)
  5 dire elephant zombies
  29 black mambas
  Joseph (D:9)
  An iron dragon skeleton (Tar:7)
  7 vault sentinels
  3 eyes of devastation
  5 guardian serpents (Snake:4)
  11 rust devils
  A water nymph (shapeshifter) (Vaults:5)
  An orange demon (Hell)
  A torpor snail (Lair:6)
  5 molten gargoyles
  8 naga magi
  An ice statue (Snake:4)
  3 smoke demons (Hell)
  A shock serpent skeleton (Geh:5)
  8 spectral swamp worms (Tar:7)
  22 spiny frogs
  14 hellions
  A rime drake (Lair:6)
  A komodo dragon (shapeshifter) (Depths:5)
  4 swamp worm zombies (Swamp:4)
  8 freezing wraiths
  A demonic crawler (Hell)
  4 dire elephant skeletons
  16 tormentors
  12 ice devils
  A red draconian zombie (Geh:6)
  2 tengu conjurers (D:14)
  4 efreet
  An anaconda simulacrum (Hell)
  5 komodo dragons
  22 yaktaurs
  A catoblepas skeleton (Geh:6)
  10 red devils
  2 harpy zombies (Dis:7)
  11 trolls
  8 hydra zombies
  A minotaur zombie (Tar:3)
  16 hornets
  27 saltlings
  9 polar bears
  11 tyrant leeches
  A hornet (shapeshifter) (Vaults:5)
  19 two-headed ogres
  5 blink frogs
  62 slime creatures
  4 raiju (Lair:6)
  7 dream sheep (Lair:6)
  4 hydra skeletons
  4 spectral swamp dragons (Swamp:4)
  2 ettin zombies (Geh:6)
  4 alligator zombies
  8 hippogriffs
  10 bog bodies
  2 fire dragon zombies
  An ice dragon zombie (Geh:7)
  34 flying skulls
  3 ettin skeletons
  2 vampires (D:11)
  15 shadows
  9 wraiths
  A black mamba skeleton (Geh:5)
  2 water elementals
  5 air elementals
  6 wyverns
  2 fire dragon skeletons
  29 yaks
  A black mamba zombie (Dis:5)
  14 fire elementals
  2 hungry ghosts
  20 humans (D:13)
  A basilisk (shapeshifter) (Depths:2)
  A hog (Swamp:1)
  A human (shapeshifter) (Elf:1)
  3 basilisks
  Grum (D:9)
  2 golden eyes (Slime:5)
  A mottled dragon (D:15)
  11 vampire mosquitoes
  35 nagas
  10 wargs
  15 insubstantial wisps
  A soldier ant (D:11)
  20 swamp worms
  The ghost of tidbits the Gusty, an amateur HEAE (D:5)
  A hydra simulacrum (Hell)
  10 water moccasins
  6 porcupines
  A floating eye (Depths:2)
  7 swamp drakes
  A manticore zombie (Tar:7)
  28 hell hounds
  39 orc warriors
  3 swamp dragon zombies (Swamp:4)
  A sky beast (shapeshifter) (Vaults:5)
  3 ice beasts
  2 sky beasts
  A snapping turtle zombie (Dis:4)
  14 black bears
  3 human zombies
  47 ogres
  3 boggarts (Depths:3)
  6 eyes of draining
  8 phantoms
  17 wolves
  12 necrophages
  A manticore skeleton (Geh:6)
  13 centaurs
  2 snapping turtle skeletons
  A swamp dragon skeleton (Tar:7)
  12 crocodiles
  An elf simulacrum (Depths:4)
  2 big kobolds (D:8)
  11 bullfrogs
  2 gnoll sergeants (D:9)
  2 human skeletons (Vaults:2)
  4 scorpions
  29 wights
  4 electric eels (Lair:2)
  A human simulacrum (Vaults:2)
  2 howler monkeys
  A crimson imp (D:5)
  A bullfrog zombie (D:6)
  3 quasits
  2 jellies
  22 hounds
  21 orc priests
  19 orc wizards
  2 centaur skeletons
  2 iguanas
  10 iron imps
  Terence (D:3)
  10 worker ants
  Natasha (twice) (D:3)
  2 spectral swamp drakes (Swamp:4)
  A naga zombie (Tar:7)
  A tengu zombie (Geh:6)
  3 hound zombies
  2 naga skeletons
  A hound skeleton (D:10)
  A mummy (Dis:4)
  10 adders
  17 gnolls
  A howler monkey skeleton (D:4)
  3 river rats
  9 shadow imps
  A white imp (Depths:1)
  An adder skeleton (D:8)
  6 leopard geckos
  112 orcs
  A ball python (D:7)
  5 giant cockroaches
  8 goblins
  A hobgoblin (Bailey)
  A jackal (D:3)
  19 kobolds
  A quokka (D:8)
  12 bats
  2 frilled lizards
  An orc zombie (Dis:4)
  12 rats
  2 briar patches (Swamp:4)
  A fungus (Lair:5)
  2 plants (Lair:6)
  3 tentacles (Tar:7)
2278 creatures vanquished.

Vanquished Creatures (collateral kills)
  A caustic shrike (Depths:2)
  A lich (Depths:2)
  A deep elf blademaster (Elf:3)
  An acid blob (Slime:5)
  2 sphinxes (Depths:2)
  A shadow dragon (Hell)
  An ancient champion (Dis:7)
  A thorn hunter (Swamp:2)
  2 nagarajas (Snake:4)
  A deep elf sorcerer (Elf:3)
  4 frost giants
  2 vault wardens
  2 cacodemons (Dis:7)
  An ironheart preserver (Vaults:5)
  2 stone giants (Depths:2)
  2 balrugs (Geh:7)
  A reaper (Dis:7)
  3 very ugly things
  A deep elf demonologist (Elf:3)
  A deep elf annihilator (Elf:3)
  4 ettins (Depths:2)
  A deep elf death mage (Elf:3)
  A hydra (Swamp:4)
  2 yaktaur captains
  2 rakshasas
  An ice dragon (Depths:2)
  3 spriggan air magi
  A vault guard (Vaults:5)
  2 anacondas
  A dancing weapon (Vaults:5)
  A deep troll shaman (Depths:2)
  2 alligators (Swamp:3)
  A hell hog (Hell)
  2 spriggan berserkers
  2 shock serpents
  A hell knight (Depths:2)
  A sun demon (Geh:7)
  2 skeletal warriors
  A sea snake (Snake:2)
  2 naga ritualists
  A spriggan druid (Swamp:2)
  An ironbrand convoker (Vaults:5)
  A shadow dragon zombie (Dis:7)
  2 ugly things
  2 deep elf magi (Vaults:3)
  A salamander (Snake:4)
  5 black mambas
  A shock serpent zombie (Dis:7)
  A naga mage (Snake:1)
  A swamp worm zombie (Swamp:4)
  A yaktaur (Depths:5)
  A tyrant leech (Swamp:4)
  3 hornets
  2 bog bodies (Swamp:4)
  2 slime creatures
  An elf zombie (Vaults:5)
  An ettin skeleton (Hell)
  4 spriggans
  A water elemental (Depths:4)
  2 swamp worms
  11 nagas
  A floating eye (Depths:2)
  2 swamp drakes
  3 ogres
  A crocodile (D:8)
  A spriggan skeleton (Geh:7)
  A crimson imp (D:8)
  An iron imp (Dis:7)
  An iguana (D:8)
  A worm (D:2)
  3 goblins (D:10)
  A quokka (shapeshifter) (Vaults:5)
125 creatures vanquished.

Vanquished Creatures (others)
  2 eldritch tentacles (Tar:7)
  A storm dragon (Depths:4)
  A fire giant (Depths:4)
  2 spriggan berserkers
  2 spriggans (Depths:2)
  A death drake (Swamp:4)
  3 yaktaurs (Depths:2)
  2 hornets (Depths:2)
  A two-headed ogre (Depths:4)
  2 humans
  2 slaves (D:8)
  A centaur (D:8)
  An orc (Vaults:5)
  A quokka (D:8)
  2 kobolds (D:8)
  8 fungi
  18 plants
  52 spectral weapons
  5 tentacles (Tar:7)
  11 toadstools (Lair:1)
118 creatures vanquished.

Grand Total: 2521 creatures vanquished

Notes
Turn   | Place    | Note
-------+----------+-------------------------------------------
     0 | D:1      | tidbits the High Elf Artificer began the quest for the Orb.
     0 | D:1      | Reached XP level 1. HP: 13/13 MP: 4/4
   156 | D:2      | Noticed Natasha
   157 | D:2      | Noticed a crimson imp
   184 | D:2      | Reached skill level 2 in Fighting
   184 | D:2      | Reached XP level 2. HP: 19/19 MP: 5/5
   567 | D:2      | Reached skill level 3 in Fighting
   567 | D:2      | Reached XP level 3. HP: 23/26 MP: 6/6
   622 | D:3      | Noticed Azzok's ghost (amateur MiFi)
  1216 | D:3      | Noticed Terence
  1223 | D:3      | Killed Terence
  1223 | D:3      | Reached skill level 3 in Dodging
  1223 | D:3      | Reached XP level 4. HP: 31/31 MP: 7/7
  1478 | D:3      | Killed Natasha
  1540 | D:3      | Noticed Natasha
  1549 | D:3      | Killed Natasha
  1549 | D:3      | Reached skill level 4 in Fighting
  1549 | D:3      | Reached XP level 5. HP: 23/37 MP: 8/8
  1695 | D:5      | Entered Level 5 of the Dungeon
  1745 | D:5      | Reached skill level 1 in Bows
  1788 | D:5      | Noticed tidbits's ghost (amateur HEAE)
  1823 | D:5      | Reached skill level 3 in Bows
  1866 | D:5      | Killed tidbits's ghost
  1866 | D:5      | Reached skill level 4 in Bows
  1866 | D:5      | Reached XP level 6. HP: 44/44 MP: 9/9
  1938 | D:5      | Reached skill level 5 in Bows
  2084 | D:6      | Noticed an ice beast
  2097 | D:6      | Killed an ice beast
  2097 | D:6      | Reached skill level 6 in Bows
  2097 | D:6      | Reached XP level 7. HP: 36/49 MP: 10/10
  2110 | D:6      | Reached skill level 7 in Bows
  2174 | D:5      | Found a deep blue altar of Sif Muna.
  2250 | D:5      | Learned a level 1 spell: Animate Skeleton
  2412 | D:4      | Reached skill level 1 in Long Blades
  2551 | D:5      | Reached skill level 2 in Long Blades
  2614 | D:5      | Reached skill level 3 in Long Blades
  2728 | D:6      | Reached skill level 4 in Long Blades
  2733 | D:6      | Found a staircase to the Ecumenical Temple.
  2752 | Temple   | Entered the Ecumenical Temple
  2793 | Temple   | Became a worshipper of Warmaster Okawaru
  2800 | Temple   | Learned a level 1 spell: Corona
  2860 | D:6      | Reached skill level 5 in Long Blades
  2936 | D:7      | Noticed Rhok's ghost (novice TrBe)
  2997 | D:6      | Reached XP level 8. HP: 48/54 MP: 11/11
  3106 | D:8      | Reached skill level 6 in Long Blades
  3139 | D:8      | Found Kaukeutz's Antique Weapon Shoppe.
  3301 | D:7      | Found Doki's Magic Scroll Emporium.
  3307 | D:7      | Bought a scroll of fear for 52 gold pieces
  3307 | D:7      | Bought a scroll of fog for 30 gold pieces
  3307 | D:7      | Bought a scroll of identify for 30 gold pieces
  3307 | D:7      | Bought a scroll of identify for 30 gold pieces
  3307 | D:7      | Bought a scroll of teleportation for 45 gold pieces
  3380 | D:8      | Noticed Pikel
  3390 | D:8      | Killed Pikel
  3390 | D:8      | Reached * piety under Okawaru
  3390 | D:8      | Reached skill level 8 in Long Blades
  3513 | D:8      | Reached skill level 9 in Long Blades
  3568 | D:8      | Learned a level 3 spell: Regeneration
  3617 | D:8      | Reached skill level 1 in Charms
  3618 | D:8      | Reached skill level 1 in Spellcasting
  3673 | D:8      | Noticed a troll
  3722 | D:8      | Killed a troll
  3722 | D:8      | Reached ** piety under Okawaru
  3722 | D:8      | Reached skill level 3 in Invocations
  3722 | D:8      | Reached XP level 9. HP: 53/59 MP: 9/12
  3751 | D:8      | Reached skill level 1 in Necromancy
  3802 | D:8      | Reached skill level 2 in Spellcasting
  3802 | D:8      | Reached skill level 2 in Charms
  3874 | D:9      | Noticed Erica
  3953 | D:8      | Learned a level 3 spell: Tukima's Dance
  4015 | D:8      | Reached skill level 1 in Hexes
  4028 | D:8      | Reached skill level 2 in Hexes
  4093 | D:8      | Killed Erica
  4093 | D:8      | Reached skill level 5 in Hexes
  4115 | D:8      | Learned a level 3 spell: Confuse
  4197 | D:8      | Found a staircase to the Lair.
  4225 | Lair:1   | Entered Level 1 of the Lair of Beasts
  4251 | Lair:1   | Noticed a black mamba
  4257 | Lair:1   | Killed a black mamba
  4257 | Lair:1   | Reached *** piety under Okawaru
  4257 | Lair:1   | Reached skill level 3 in Spellcasting
  4257 | Lair:1   | Reached skill level 3 in Charms
  4257 | Lair:1   | Reached skill level 2 in Necromancy
  4304 | Lair:1   | Reached XP level 10. HP: 53/65 MP: 13/16
  4312 | Lair:1   | Reached skill level 4 in Charms
  4326 | Lair:1   | Noticed a spiny frog
  4338 | Lair:1   | Killed a spiny frog
  4338 | Lair:1   | Reached skill level 4 in Dodging
  4442 | Lair:1   | Noticed a spiny frog
  4449 | Lair:1   | Killed a spiny frog
  4449 | Lair:1   | Reached skill level 5 in Fighting
  4449 | Lair:1   | Reached skill level 10 in Long Blades
  4638 | D:9      | Noticed Joseph
  4657 | D:10     | Entered Level 10 of the Dungeon
  4844 | D:10     | Found a flagged portal.
  4863 | Bailey   | Entered a bailey
  4910 | Bailey   | Noticed an orc knight
  4928 | Bailey   | Killed an orc knight
  4928 | Bailey   | Reached skill level 5 in Dodging
  4992 | Bailey   | Noticed an orc knight
  5016 | Bailey   | Killed an orc knight
  5016 | Bailey   | Reached skill level 6 in Fighting
  5019 | Bailey   | Received a gift from Okawaru
  5019 | Bailey   | Reached skill level 6 in Dodging
  5096 | Bailey   | Got a pair of crude gloves
  5119 | Bailey   | Identified the cursed +0 pair of gloves of Zin's Favour {MR+} (You found it in a bailey)
  5192 | D:10     | Got a smelly plate armour
  5203 | D:10     | Identified the +9 plate armour "Jisaagun" {MR+ Int+6} (You found it on level 10 of the Dungeon)
  5278 | D:10     | Reached skill level 1 in Armour
  5378 | D:10     | Reached skill level 2 in Armour
  5385 | D:10     | Reached skill level 3 in Armour
  5403 | D:10     | Reached skill level 4 in Armour
  5411 | D:10     | Reached **** piety under Okawaru
  5424 | D:10     | Reached skill level 5 in Armour
  5424 | D:10     | Reached XP level 11. HP: 65/74 MP: 17/17
  5557 | D:9      | Noticed Gastronok
  5568 | D:9      | Killed Gastronok
  5568 | D:9      | Received a gift from Okawaru
  5568 | D:9      | Reached ***** piety under Okawaru
  5568 | D:9      | Reached skill level 7 in Armour
  5632 | D:9      | Noticed Azzok's ghost (novice MiFi)
  5677 | D:9      | Killed Azzok's ghost
  5677 | D:9      | Reached skill level 4 in Invocations
  5846 | D:11     | Noticed Erolcha
  5862 | D:11     | Killed Erolcha
  5862 | D:11     | Reached skill level 5 in Invocations
  5932 | D:11     | Received a gift from Okawaru
  5943 | D:11     | Reached skill level 6 in Invocations
  6098 | D:12     | Reached skill level 7 in Invocations
  6120 | D:12     | Noticed Monsterracer's ghost (journeyman OgGl)
  6328 | D:11     | Noticed Urug
  6349 | D:11     | Killed Urug
  6349 | D:11     | Reached skill level 7 in Fighting
  6481 | D:12     | Got an ancient helmet
  6492 | D:12     | Identified the +2 helmet "Foilez" {Int+3} (You found it on level 12 of the Dungeon)
  6519 | D:12     | Got a heavily runed leather armour
  6530 | D:12     | Identified the +1 leather armour of Imisint {Str+3} (You found it on level 12 of the Dungeon)
  6626 | D:10     | Reached skill level 7 in Dodging
  6630 | D:10     | Noticed a hill giant
  6661 | D:10     | Killed a hill giant
  6661 | D:10     | Received a gift from Okawaru
  6851 | D:9      | Reached XP level 12. HP: 81/81 MP: 13/18
  6939 | D:9      | Killed Joseph
  7111 | D:9      | Noticed Grum
  7122 | D:9      | Killed Grum
  7141 | D:9      | Found a staircase to the Orcish Mines.
  7397 | D:7      | Bought a scroll of identify for 30 gold pieces
  7397 | D:7      | Bought a scroll of identify for 30 gold pieces
  7397 | D:7      | Bought a scroll of blinking for 112 gold pieces
  7397 | D:7      | Bought a scroll of enchant weapon for 112 gold pieces
  7397 | D:7      | Bought a scroll of magic mapping for 52 gold pieces
  7456 | D:7      | Reached skill level 1 in Shields
  7638 | D:7      | Killed Rhok's ghost
  7638 | D:7      | Reached skill level 2 in Shields
  7917 | Lair:2   | Noticed an eight-headed hydra
  7927 | Lair:2   | Killed a two-headed hydra
  7938 | Lair:2   | Reached skill level 11 in Long Blades
  7947 | Lair:2   | Reached skill level 3 in Shields
  7949 | Lair:2   | Found a staircase to the Swamp.
  8257 | Lair:2   | Reached skill level 4 in Shields
  8259 | Lair:2   | Reached skill level 8 in Fighting
  8293 | Lair:2   | Noticed a seven-headed hydra
  8304 | Lair:2   | Killed a three-headed hydra
  8412 | Lair:3   | Reached skill level 9 in Fighting
  8724 | Lair:4   | Reached skill level 12 in Long Blades
  8743 | Lair:4   | Found a staircase to the Snake Pit.
  8837 | Lair:5   | Noticed Snorg
  8849 | Lair:5   | Killed Snorg
  8909 | Lair:6   | Entered Level 6 of the Lair of Beasts
  8935 | Lair:6   | Reached skill level 13 in Long Blades
  8945 | Lair:6   | Reached XP level 13. HP: 83/90 MP: 12/19
  8979 | Lair:6   | Received a gift from Okawaru
  8980 | Lair:6   | Got a pair of fine boots {god gift}
  8998 | Lair:6   | Identified the +2 pair of boots "Jusoll" {Slay+3} (Okawaru gifted it to you on level 6 of the Lair of Beasts)
  9210 | Lair:6   | Reached skill level 14 in Long Blades
  9468 | Lair:6   | Reached skill level 15 in Long Blades
  9529 | Lair:6   | Got an encrusted rapier
  9802 | Lair:6   | Received a gift from Okawaru
  9802 | Lair:6   | Reached skill level 16 in Long Blades
  9810 | Lair:6   | Reached skill level 8 in Armour
  9882 | Lair:6   | Received a gift from Okawaru
  9964 | Lair:6   | Reached skill level 9 in Armour
 10135 | Lair:6   | Reached skill level 8 in Dodging
 10163 | Lair:6   | Received a gift from Okawaru
 10170 | Lair:6   | Reached XP level 14. HP: 65/97 MP: 14/20
 10172 | Lair:6   | Got a pitted long sword {god gift}
 10173 | Lair:6   | Identified the +6 long sword of the Forest {drain, rPois Str+5 Stlth+} (Okawaru gifted it to you on level 6 of the Lair of Beasts)
 10212 | Lair:6   | Gained mutation: You have a pair of small horns on your head. [potion of beneficial mutation]
 10213 | Lair:6   | Lost mutation: You have a pair of small horns on your head. [potion of cure mutation]
 10333 | Lair:5   | Reached skill level 9 in Dodging
 10570 | Lair:5   | Found a viscous altar of Jiyva.
 10570 | Lair:5   | Found a staircase to the Slime Pits.
 10822 | Lair:4   | Identified the +7 rapier "Worig" {drain, +Inv rF+ Str-4 Dex+2} (You found it on level 6 of the Lair of Beasts)
 11056 | Swamp:1  | Entered Level 1 of the Swamp
 11071 | Swamp:1  | Reached skill level 10 in Dodging
 11344 | Swamp:2  | Noticed Kirke
 11359 | Swamp:1  | Received a gift from Okawaru
 11359 | Swamp:1  | Reached skill level 4 in Spellcasting
 11366 | Swamp:1  | Reached skill level 3 in Necromancy
 11383 | Swamp:1  | Reached skill level 5 in Charms
 11602 | Swamp:2  | Killed Kirke
 11602 | Swamp:2  | Reached skill level 10 in Armour
 11609 | Swamp:2  | Noticed Jorgrun
 11625 | Swamp:2  | Killed Jorgrun
 11625 | Swamp:2  | Reached skill level 10 in Fighting
 11835 | Swamp:2  | Reached skill level 11 in Fighting
 11857 | Swamp:2  | Got a scorched amber ring
 11859 | Swamp:2  | Identified the ring "Medownut" {*Corrode rElec rC+ rN++ Slay+2} (You found it on level 2 of the Swamp)
 11912 | Swamp:2  | Noticed a thorn hunter
 11924 | Swamp:2  | Killed a thorn hunter
 11939 | Swamp:2  | Noticed Roxanne
 11960 | Swamp:2  | Reached skill level 11 in Dodging
 12020 | Swamp:2  | Received a gift from Okawaru
 12105 | Swamp:2  | Reached XP level 15. HP: 93/106 MP: 13/22
 12286 | Swamp:4  | Entered Level 4 of the Swamp
 12355 | Swamp:4  | Noticed a thorn hunter
 12368 | Swamp:4  | Killed a thorn hunter
 12368 | Swamp:4  | Reached skill level 4 in Evocations
 12390 | Swamp:4  | Noticed murphy's ghost (journeyman DECj)
 12397 | Swamp:4  | Killed murphy's ghost
 12404 | Swamp:4  | Reached skill level 5 in Evocations
 12498 | Swamp:4  | Received a gift from Okawaru
 12498 | Swamp:4  | Reached skill level 6 in Evocations
 12649 | Swamp:4  | Reached skill level 12 in Dodging
 12797 | Swamp:3  | Received a gift from Okawaru
 13006 | Swamp:3  | Reached ****** piety under Okawaru
 13320 | Swamp:4  | Received a gift from Okawaru
 13325 | Swamp:4  | Reached skill level 6 in Charms
 13334 | Swamp:4  | Reached skill level 4 in Necromancy
 13360 | Swamp:4  | Noticed a bone dragon
 13415 | Swamp:4  | Killed a bone dragon
 13415 | Swamp:4  | Received a gift from Okawaru
 13440 | Swamp:4  | Got a faintly humming large shield {god gift}
 13448 | Swamp:4  | Reached skill level 7 in Charms
 13575 | Swamp:4  | Got a decaying rune of Zot
 13617 | Swamp:4  | Identified the -8 large shield of Fun {SInv} (Okawaru gifted it to you on level 4 of the Swamp)
 14006 | Lair:1   | Learned a level 4 spell: Animate Dead
 14078 | Snake:1  | Entered Level 1 of the Snake Pit
 14078 | Snake:1  | Found Aniyzxeh's Jewellery Shop.
 14121 | Snake:1  | Found Zasaic's Book Shoppe.
 14135 | Snake:1  | Bought a book of Spatial Translocations for 975 gold pieces
 14138 | Snake:1  | Learned a level 2 spell: Shroud of Golubria
 14141 | Snake:1  | Learned a level 2 spell: Blink
 14145 | Snake:1  | Learned a level 3 spell: Lesser Beckoning
 14218 | Snake:1  | Reached skill level 5 in Necromancy
 14265 | Snake:1  | Reached skill level 5 in Spellcasting
 14400 | Snake:1  | Reached skill level 1 in Translocations
 14461 | Snake:1  | Learned a level 4 spell: Passage of Golubria
 14461 | Snake:1  | Found Atwidghu's Gadget Shop.
 14521 | Snake:2  | Reached skill level 6 in Spellcasting
 14521 | Snake:2  | Reached XP level 16. HP: 110/112 MP: 21/26
 14553 | Snake:2  | Reached skill level 2 in Translocations
 14789 | Snake:3  | Reached skill level 3 in Translocations
 14817 | Snake:4  | Entered Level 4 of the Snake Pit
 14845 | Snake:2  | Reached skill level 6 in Necromancy
 14857 | Snake:2  | Received a gift from Okawaru
 14907 | Snake:2  | HP: 9/112 [naga warrior/trident of venom (6)]
 14912 | Snake:2  | HP: 9/112 [poisoned by a naga warrior]
 14917 | Snake:2  | HP: 10/112 [poisoned by a naga warrior]
 15077 | Snake:1  | Found Elloro's Armour Shop.
 15196 | Snake:1  | Reached skill level 4 in Translocations
 15287 | Snake:2  | Reached skill level 7 in Spellcasting
 15489 | Snake:3  | Received a gift from Okawaru
 15550 | Snake:3  | Reached skill level 2 in Stealth
 15588 | Snake:3  | Found a snail-covered altar of Cheibriados.
 15709 | Snake:3  | Reached skill level 3 in Stealth
 15709 | Snake:3  | Reached skill level 5 in Translocations
 15775 | Snake:3  | Reached skill level 7 in Necromancy
 15834 | Snake:4  | Reached skill level 4 in Stealth
 15869 | Snake:4  | Reached skill level 6 in Translocations
 15894 | Snake:4  | Found a gateway to a bazaar.
 15969 | Snake:4  | Found Kukkarirr's Jewellery Boutique.
 15969 | Snake:4  | Found Ripar's Gadget Shoppe.
 15970 | Snake:4  | Found Weineiga's Jewellery Boutique.
 16004 | Snake:4  | Received a gift from Okawaru
 16004 | Snake:4  | Reached skill level 5 in Stealth
 16154 | Snake:4  | Reached skill level 6 in Stealth
 16177 | Snake:4  | Received a gift from Okawaru
 16253 | Snake:4  | Reached skill level 12 in Fighting
 16481 | Snake:4  | Reached skill level 13 in Fighting
 16525 | Snake:4  | Reached XP level 17. HP: 112/123 MP: 24/28
 16656 | Snake:4  | Received a gift from Okawaru
 16682 | Snake:4  | Reached skill level 14 in Fighting
 16860 | Snake:4  | Got a serpentine rune of Zot
 16908 | Snake:4  | Noticed Bai Suzhen
 16938 | Snake:4  | Killed Bai Suzhen
 16958 | Snake:4  | Received a gift from Okawaru
 17299 | Snake:1  | Found Dukhleje's Armour Emporium.
 17582 | Orc:1    | Entered Level 1 of the Orcish Mines
 17683 | Orc:2    | Entered Level 2 of the Orcish Mines
 17760 | Orc:1    | Reached skill level 15 in Fighting
 18140 | Orc:2    | Received a gift from Okawaru
 18199 | Orc:2    | Noticed Saint Roka
 18239 | Orc:2    | Reached skill level 13 in Dodging
 18282 | Orc:2    | Killed Saint Roka
 18414 | Orc:2    | Reached skill level 8 in Invocations
 18469 | Orc:2    | Found Voczysisk's General Store.
 18474 | Orc:2    | Found Muneik's Antique Weapon Boutique.
 18480 | Orc:2    | Found Riuruima's Jewellery Emporium.
 18482 | Orc:2    | Found Sesaira's Antique Armour Emporium.
 18513 | Orc:2    | Bought a heavily runed scale mail for 225 gold pieces
 18523 | Orc:2    | Identified the +3 scale mail of Boang {MP-9 Dex+3 SInv} (You bought it in a shop on level 2 of the Orcish Mines)
 18536 | Orc:2    | Found a staircase to the Elven Halls.
 18555 | Elf:1    | Entered Level 1 of the Elven Halls
 18576 | Elf:1    | Received a gift from Okawaru
 18583 | Elf:1    | Got a brightly glowing shortbow {god gift}
 18600 | Elf:1    | Reached skill level 9 in Invocations
 18765 | Elf:1    | Reached skill level 10 in Invocations
 18778 | Elf:1    | Reached skill level 14 in Dodging
 18848 | Elf:1    | Found Venov's Assorted Antiques.
 18855 | Elf:1    | Bought a scroll labeled OVOGAL ASTIDA for 27 gold pieces
 19009 | Elf:1    | Received a gift from Okawaru
 19022 | Elf:1    | Reached XP level 18. HP: 129/134 MP: 17/30
 19060 | Elf:1    | Received a gift from Okawaru
 19106 | Elf:1    | Identified the +4 shortbow of the Ship {freeze, rPois} (Okawaru gifted it to you on level 1 of the Elven Halls)
 19149 | Elf:1    | Found a roughly hewn altar of Beogh.
 19216 | Elf:3    | Entered Level 3 of the Elven Halls
 19270 | Elf:3    | Noticed Aizul
 19289 | Elf:3    | Killed Aizul
 19360 | Elf:3    | Reached skill level 15 in Dodging
 19447 | Elf:3    | Received a gift from Okawaru
 19713 | Elf:3    | Received a gift from Okawaru
 19714 | Elf:3    | Got a dull robe {god gift}
 19834 | Elf:3    | Reached skill level 16 in Dodging
 20172 | Elf:3    | Reached skill level 11 in Armour
 20358 | Elf:3    | Reached skill level 12 in Armour
 20474 | Elf:3    | Identified the Tome of Self-Improvement and Cold
 20534 | Elf:3    | Got a flickering crystal amulet
 20552 | Elf:3    | Learned a level 2 spell: Passwall
 20564 | Elf:3    | Identified the Papyrus of Destructive Intoxication
 20588 | Elf:3    | Identified the amulet of Gyimpezi {Faith +Inv rC+ Int-2 Slay+2} (You found it on level 3 of the Elven Halls)
 20694 | Elf:3    | Got a steaming plate armour
 20810 | Elf:3    | Received a gift from Okawaru
 20816 | Elf:3    | Reached skill level 1 in Transmutations
 20830 | Elf:3    | Reached skill level 1 in Earth Magic
 20836 | Elf:3    | Reached skill level 2 in Transmutations
 20843 | Elf:3    | Identified the +7 plate armour "Fiujin" {*Corrode rN++ Str+4} (You found it on level 3 of the Elven Halls)
 21341 | Slime:1  | Entered Level 1 of the Pits of Slime
 21352 | Slime:1  | Reached skill level 7 in Translocations
 21375 | Slime:1  | Received a gift from Okawaru
 21384 | Slime:1  | Reached skill level 8 in Translocations
 21439 | Slime:1  | Reached XP level 19. HP: 33/139 MP: 1/31
 21525 | Slime:3  | Gained mutation: Your magical capacity is low. (-10% MP) [a shining eye]
 21564 | Slime:5  | Entered Level 5 of the Pits of Slime
 21622 | Slime:5  | Reached skill level 8 in Spellcasting
 21639 | Slime:5  | Reached skill level 9 in Translocations
 21715 | Slime:4  | Gained mutation: Your magical capacity is very low. (-20% MP) [a shining eye]
 21773 | Slime:5  | Noticed the Royal Jelly
 21830 | Slime:5  | Killed the Royal Jelly
 21830 | Slime:5  | Reached skill level 9 in Spellcasting
 21830 | Slime:5  | Reached skill level 10 in Translocations
 21878 | Slime:4  | Gained mutation: You evolve. [a shining eye]
 21981 | Slime:5  | Gained mutation: You are occasionally teleported next to monsters. [a shining eye]
 21988 | Slime:5  | Gained mutation: Your body sometimes deteriorates upon taking damage. [a shining eye]
 22117 | Slime:4  | Received a gift from Okawaru
 22348 | Slime:4  | Gained mutation: Armour fits poorly on your strangely shaped body. [a shining eye]
 22403 | Slime:5  | Identified the Tome of the Supportive Blaze
 22452 | Slime:5  | Got a slimy rune of Zot
 22468 | Slime:5  | Gained mutation: Scrolls take you a little longer to read. [a shining eye]
 22498 | Slime:5  | Gained mutation: You are partially covered in iridescent scales. (AC +2) [a shining eye]
 22505 | Slime:5  | Reached skill level 13 in Armour
 22536 | Slime:5  | Identified the Reference Book on Sinister Magic
 22574 | Slime:5  | Gained mutation: Your body often deteriorates upon taking damage. [a shining eye]
 22600 | Slime:5  | Lost mutation: Your magical capacity is very low. (-20% MP) [potion of cure mutation]
 22600 | Slime:5  | Lost mutation: Your body often deteriorates upon taking damage. [potion of cure mutation]
 22600 | Slime:5  | Lost mutation: Your magical capacity is low. (-10% MP) [potion of cure mutation]
 22600 | Slime:5  | Lost mutation: Armour fits poorly on your strangely shaped body. [potion of cure mutation]
 22600 | Slime:5  | Lost mutation: Your body sometimes deteriorates upon taking damage. [potion of cure mutation]
 22829 | D:9      | Lost mutation: You evolve. [potion of cure mutation]
 22829 | D:9      | Lost mutation: You are partially covered in iridescent scales. (AC +2) [potion of cure mutation]
 22829 | D:9      | Lost mutation: Scrolls take you a little longer to read. [potion of cure mutation]
 22942 | D:13     | Learned a level 2 spell: Repel Missiles
 23120 | D:13     | Found a gate to the Vaults.
 23177 | Vaults:1 | Entered Level 1 of the Vaults
 23209 | Vaults:1 | Found Funiluipic's Antique Armour Shoppe.
 23212 | Vaults:1 | Bought a jewelled helmet for 304 gold pieces
 23222 | Vaults:1 | Identified the +2 helmet of the Swamp {*Drain rN+++ Regen+} (You bought it in a shop on level 1 of the Vaults)
 23256 | Vaults:2 | Found a staircase to the Crypt.
 23308 | Vaults:1 | Reached skill level 14 in Armour
 23376 | Vaults:2 | Noticed Sojobo
 23395 | Vaults:2 | Killed Sojobo
 23395 | Vaults:2 | Received a gift from Okawaru
 23414 | Vaults:2 | Reached skill level 15 in Armour
 23453 | Vaults:2 | Found a ruined gateway.
 23461 | Desolati | Entered the Desolation of Salt
 23572 | Desolati | Got a brightly glowing pewter amulet
 23573 | Desolati | Identified the amulet "Ritiv" {Faith MR+ Stlth+} (You found it in the Desolation of Salt)
 23610 | Desolati | Reached skill level 16 in Armour
 23638 | Desolati | Received a gift from Okawaru
 23638 | Desolati | Reached XP level 20. HP: 137/145 MP: 29/34
 23795 | Desolati | Reached skill level 10 in Spellcasting
 23836 | Desolati | Identified the Catalogue of Twisted Malediction
 23844 | Desolati | Learned a level 3 spell: Spectral Weapon
 23887 | Vaults:2 | Learned a level 4 spell: Control Undead
 23892 | Vaults:2 | Learned a level 2 spell: Song of Slaying
 23926 | Vaults:3 | HP: 11/145 [vault warden/long sword of holy wrath (22)]
 24048 | Vaults:3 | Received a gift from Okawaru
 24057 | Vaults:3 | Reached skill level 11 in Spellcasting
 24304 | Vaults:3 | Reached skill level 12 in Spellcasting
 24598 | Vaults:2 | Reached skill level 13 in Spellcasting
 24827 | Vaults:3 | Received a gift from Okawaru
 25067 | Vaults:3 | Received a gift from Okawaru
 25144 | Vaults:3 | Reached skill level 16 in Fighting
 25311 | Vaults:5 | Entered Level 5 of the Vaults
 25317 | Vaults:5 | Noticed a golden dragon
 25348 | Vaults:5 | Reached skill level 17 in Fighting
 25365 | Vaults:5 | Noticed a golden dragon
 25377 | Vaults:5 | Killed a golden dragon
 25405 | Vaults:5 | Killed a golden dragon
 25405 | Vaults:5 | Reached skill level 18 in Fighting
 25405 | Vaults:5 | Reached XP level 21. HP: 107/159 MP: 12/39
 25466 | Vaults:5 | Received a gift from Okawaru
 25484 | Vaults:5 | Reached skill level 19 in Fighting
 25557 | Vaults:5 | Reached skill level 14 in Spellcasting
 25657 | Vaults:5 | Got a silver rune of Zot
 25792 | Vaults:5 | Received a gift from Okawaru
 25858 | Vaults:5 | Reached skill level 15 in Spellcasting
 25974 | Vaults:5 | Reached skill level 8 in Necromancy
 26070 | Vaults:5 | Identified the Almanac of the Dislocated Blaze
 26074 | Vaults:5 | Got a pair of slimy gloves
 26086 | Vaults:5 | Lost mutation: You are occasionally teleported next to monsters. [potion of cure mutation]
 26130 | Vaults:5 | Identified the +2 pair of gloves of Pandemonium {Str-5 Int+6} (You found it on level 5 of the Vaults)
 26244 | Vaults:5 | Reached skill level 9 in Necromancy
 26376 | Vaults:5 | Noticed a golden dragon
 26386 | Vaults:5 | Killed a golden dragon
 26465 | Vaults:5 | Received a gift from Okawaru
 26478 | Vaults:5 | Reached skill level 10 in Necromancy
 26496 | Vaults:5 | Identified the -1 pair of gloves "Humor" {rCorr Stlth+} (Okawaru gifted it to you on level 5 of the Vaults)
 26547 | Vaults:5 | Noticed an ancient lich
 26567 | Vaults:5 | Killed an ancient lich
 26567 | Vaults:5 | Reached XP level 22. HP: 76/169 MP: 9/42
 26572 | Vaults:5 | Found Jozialog's Armour Shoppe.
 26605 | Vaults:5 | Reached skill level 11 in Necromancy
 26670 | Vaults:5 | Gained mutation: Your muscles are strong. (Str +2) [potion of beneficial mutation]
 26825 | Vaults:5 | Identified the ring of Xecel {rElec rN+ Str+4 Dex+5 SInv} (You took it off a vault warden on level 5 of the Vaults)
 27512 | D:14     | Learned a level 5 spell: Aura of Abjuration
 27536 | D:15     | Entered Level 15 of the Dungeon
 27573 | D:15     | Found a radiant altar of Vehumet.
 27665 | D:15     | Received a gift from Okawaru
 27878 | D:15     | Found a staircase to the Depths.
 27909 | Depths:1 | Entered Level 1 of the Depths
 28008 | Depths:1 | Reached skill level 12 in Necromancy
 28038 | Depths:1 | Received a gift from Okawaru
 28248 | Depths:1 | Found a gateway to Hell.
 28414 | Depths:1 | Found a one-way gate leading to the halls of Pandemonium.
 28508 | Depths:1 | Reached skill level 13 in Necromancy
 28781 | Depths:2 | Noticed a caustic shrike
 28791 | Depths:2 | Received a gift from Okawaru
 28792 | Depths:2 | Killed a caustic shrike
 28831 | Depths:2 | Reached skill level 14 in Necromancy
 28910 | Depths:2 | Found Kava's Magic Scroll Shop.
 28911 | Depths:2 | Found Ohui's General Store.
 28912 | Depths:2 | Found Opuwygo's Magic Scroll Shoppe.
 28913 | Depths:2 | Found Qabriducw's Antique Weapon Shop.
 28930 | Depths:2 | Paralysed by a floating eye for 4 turns
 28966 | Depths:2 | Bought a scroll of acquirement for 572 gold pieces
 28966 | Depths:2 | Bought a scroll of magic mapping for 38 gold pieces
 28966 | Depths:2 | Bought a scroll of magic mapping for 38 gold pieces
 28966 | Depths:2 | Bought a scroll of immolation for 38 gold pieces
 28966 | Depths:2 | Bought a scroll of recharging for 104 gold pieces
 28993 | Depths:2 | Bought a scroll of brand weapon for 240 gold pieces
 28993 | Depths:2 | Bought a scroll of fear for 42 gold pieces
 28996 | Depths:2 | Bought a potion of resistance for 140 gold pieces
 29107 | Depths:2 | Reached XP level 23. HP: 97/174 MP: 41/43
 29148 | Depths:2 | Reached skill level 15 in Necromancy
 29196 | Depths:2 | Received a gift from Okawaru
 29405 | Depths:2 | Found a snail-covered altar of Cheibriados.
 29418 | Depths:3 | Found a gateway to a ziggurat.
 29418 | Depths:3 | Noticed Boris
 29435 | Depths:3 | Killed Boris
 29435 | Depths:3 | Received a gift from Okawaru
 29444 | Depths:3 | Identified the +7 great sword "Ejiaschys" {flame, Int+8} (Okawaru gifted it to you on level 3 of the Depths)
 29505 | Depths:3 | Reached skill level 16 in Spellcasting
 29682 | Depths:3 | Noticed Louise
 29688 | Depths:3 | Found a one-way gate to the infinite horrors of the Abyss.
 29695 | Depths:3 | Killed Louise
 29700 | Depths:3 | Identified the ring of Harmony {Int+5 SInv} (You found it on level 3 of the Depths)
 29775 | Depths:3 | Received a gift from Okawaru
 30031 | Depths:4 | Reached skill level 17 in Spellcasting
 30198 | Depths:4 | Received a gift from Okawaru
 30271 | Depths:4 | Received a gift from Okawaru
 30370 | Depths:4 | Noticed a caustic shrike
 30376 | Depths:4 | Killed a caustic shrike
 30605 | Depths:5 | Entered Level 5 of the Depths
 30623 | Depths:5 | Reached skill level 17 in Long Blades
 30710 | Depths:5 | Noticed a juggernaut
 30737 | Depths:5 | Received a gift from Okawaru
 30757 | Depths:5 | Killed a juggernaut
 30805 | Depths:5 | Received a gift from Okawaru
 30819 | Depths:5 | Reached skill level 18 in Long Blades
 30909 | Hell     | Entered the Vestibule of Hell
 30909 | Hell     | Noticed Geryon
 30924 | Hell     | Killed Geryon
 31002 | Hell     | Found a gateway to the decaying netherworld of Tartarus.
 31014 | Tar:1    | Entered Level 1 of Tartarus
 31095 | Tar:2    | Reached XP level 24. HP: 181/181 MP: 40/45
 31173 | Tar:3    | Reached skill level 19 in Long Blades
 31208 | Tar:3    | Received a gift from Okawaru
 31326 | Tar:5    | Received a gift from Okawaru
 31329 | Tar:5    | Identified the +5 longbow of the Everdark {freeze, rElec Dex+2} (Okawaru gifted it to you on level 5 of Tartarus)
 31453 | Tar:6    | Reached skill level 1 in Summonings
 31487 | Tar:7    | Entered Level 7 of Tartarus
 31509 | Tar:7    | Reached skill level 2 in Summonings
 31578 | Tar:7    | Reached skill level 3 in Summonings
 31632 | Tar:7    | Reached skill level 20 in Long Blades
 31713 | Tar:7    | Reached skill level 4 in Summonings
 31797 | Tar:7    | Received a gift from Okawaru
 31850 | Tar:7    | Reached skill level 5 in Summonings
 32184 | Tar:7    | Reached skill level 21 in Long Blades
 32338 | Tar:7    | Received a gift from Okawaru
 32416 | Tar:7    | Noticed Ereshkigal
 32505 | Tar:7    | Reached skill level 22 in Long Blades
 32580 | Tar:7    | Received a gift from Okawaru
 32659 | Tar:7    | Killed Ereshkigal
 32659 | Tar:7    | Reached XP level 25. HP: 177/186 MP: 29/45
 32681 | Tar:7    | Identified the Almanac of Transmutation and Good Luck
 32688 | Tar:7    | Got a bone rune of Zot
 32691 | Tar:7    | Identified a +5 rod of inaccuracy (13/13) (You found it on level 7 of Tartarus)
 32697 | Tar:7    | Identified the ring "Ykarann" {*Contam rF+ rN+ Dex+2 SInv} (You found it on level 7 of Tartarus)
 32740 | Tar:7    | Received a gift from Okawaru
 32840 | Hell     | Found a gateway to the freezing wastes of Cocytus.
 32847 | Hell     | Reached skill level 23 in Long Blades
 32860 | Hell     | Received a gift from Okawaru
 32957 | Hell     | Found a gateway to the Iron City of Dis.
 32968 | Dis:1    | Entered Level 1 of the Iron City of Dis
 32994 | Dis:1    | Received a gift from Okawaru
 33353 | Dis:5    | Reached skill level 24 in Long Blades
 33560 | Dis:7    | Entered Level 7 of the Iron City of Dis
 33597 | Dis:7    | Reached skill level 18 in Spellcasting
 33839 | Dis:7    | Reached skill level 3 in Transmutations
 33850 | Dis:7    | Gained mutation: You are dopey. (Int -2) [a cacodemon]
 33853 | Dis:7    | Gained mutation: Potions and wands are less effective at restoring your health. [a cacodemon]
 33889 | Dis:7    | Received a gift from Okawaru
 33954 | Dis:7    | Reached skill level 4 in Transmutations
 33979 | Dis:7    | Gained mutation: You are partially covered in yellow scales. (AC +2) [a cacodemon]
 33982 | Dis:7    | Gained mutation: You are frail. (-10% HP) [a cacodemon]
 34133 | Dis:7    | Reached skill level 5 in Transmutations
 34192 | Dis:7    | Received a gift from Okawaru
 34226 | Dis:7    | Noticed the Serpent of Hell
 34249 | Dis:7    | Killed the Serpent of Hell
 34249 | Dis:7    | Reached skill level 6 in Transmutations
 34389 | Dis:7    | Received a gift from Okawaru
 34395 | Dis:7    | Reached skill level 16 in Necromancy
 34495 | Dis:7    | Learned a level 8 spell: Borgnjor's Revivification
 34516 | Dis:7    | Noticed Dispater
 34522 | Dis:7    | Gained mutation: You are very frail. (-20% HP) [a cacodemon]
 34576 | Dis:7    | Reached XP level 26. HP: 50/152 MP: 35/46
 34707 | Dis:7    | Killed Dispater
 34709 | Dis:7    | Identified the ring of Cusm {rF+ rC+ MR+ SInv} (You took it off Dispater on level 7 of the Iron City of Dis)
 34730 | Dis:7    | Got an iron rune of Zot
 34732 | Dis:7    | Identified the ring of Ipnata {rC+ rN+ Int+5} (You found it on level 7 of the Iron City of Dis)
 34761 | Dis:7    | Identified a +8 rod of ignition (12/12) (You found it on level 7 of the Iron City of Dis)
 34910 | Hell     | Lost mutation: You are very frail. (-20% HP) [potion of cure mutation]
 34910 | Hell     | Lost mutation: Your muscles are strong. (Str +2) [potion of cure mutation]
 34910 | Hell     | Lost mutation: Potions and wands are less effective at restoring your health. [potion of cure mutation]
 34910 | Hell     | Lost mutation: You are frail. (-10% HP) [potion of cure mutation]
 34910 | Hell     | Lost mutation: You are dopey. (Int -2) [potion of cure mutation]
 35048 | Hell     | Found a gateway to the ashen valley of Gehenna.
 35054 | Geh:1    | Entered Level 1 of Gehenna
 35216 | Geh:3    | Received a gift from Okawaru
 35257 | Geh:5    | Reached skill level 17 in Necromancy
 35400 | Geh:6    | Received a gift from Okawaru
 35516 | Geh:6    | Received a gift from Okawaru
 35517 | Geh:6    | Got a pitted double sword {god gift}
 35529 | Geh:6    | Identified the +4 double sword of Atathreg {pain, rC+} (Okawaru gifted it to you on level 6 of Gehenna)
 35740 | Geh:7    | Entered Level 7 of Gehenna
 35973 | Geh:7    | Received a gift from Okawaru
 36057 | Geh:7    | Reached skill level 18 in Necromancy
 36078 | Geh:7    | Reached skill level 7 in Evocations
 36217 | Geh:7    | HP: 13/194 [Brimstone Fiend/damnation (41)]
 36217 | Geh:7    | Mangled by a reaper

Skill      XL: |  1  2  3  4  5  6  7  8  9 10 11 12 13 14 15 16 17 18 19 20 21 22 23 24 25 26 |
---------------+-------------------------------------------------------------------------------+-----
Fighting       | 2 3 4 6 7 9 11 13 15 18 19 | 19.5
Dodging        | 3 6 7 8 11 12 14 16 | 16.3
Bows           | 4 6 7 |  7.6
Long Blades    | 5 9 10 13 16 18 22 24 | 24.0
Charms         | 1 3 4 5 7 |  7.0
Spellcasting   | 1 3 4 6 7 9 13 15 17 18 | 18.8
Invocations    | 3 7 10 | 10.0
Necromancy     | 2 3 5 7 10 14 15 16 18 | 18.1
Hexes          | 5 |  5.4
Armour         | 5 7 9 10 12 16 | 16.3
Shields        | 4 |  4.0
Evocations     | 6 7 |  7.4
Translocations | 1 6 8 10 | 10.1
Stealth        | 6 |  6.0
Transmutations | 2 6 |  6.6
Earth Magic    | 1 |  1.8
Summonings     | 5 |  5.7
Short Blades   | |  1.2

Action                   |  1- 3 |  4- 6 |  7- 9 | 10-12 | 13-15 | 16-18 | 19-21 | 22-24 | 25-27 || total
-------------------------+-------+-------+-------+-------+-------+-------+-------+-------+-------++-------
Melee: Short sword       |    19 |       |       |       |       |       |       |       |       ||    19
       Dagger            |    33 |   104 |    49 |       |       |       |       |       |       ||   186
       Great sword       |       |       |   111 |       |       |       |       |    55 |    52 ||   218
       Shortbow          |       |       |     5 |       |       |       |       |       |       ||     5
       Scimitar          |       |       |    11 |   375 |    77 |       |       |    18 |       ||   481
       Punch             |       |       |       |     5 |       |       |       |       |       ||     5
       Double sword      |       |       |       |   349 |  1269 |  1560 |  1637 |   993 |       ||  5808
       Triple sword      |       |       |       |       |       |       |       |   612 |   975 ||  1587
 Fire: Hunting sling     |    25 |    12 |       |       |       |       |       |       |       ||    37
       Shortbow          |       |    30 |    90 |    50 |       |       |       |       |       ||   170
Throw: Stone             |     1 |       |       |       |     1 |     1 |       |       |       ||     3
 Cast: Regeneration      |       |       |     7 |    17 |    78 |   116 |    96 |    84 |    75 ||   473
       Animate Skeleton  |       |       |     4 |     8 |    31 |    43 |    20 |    12 |     9 ||   127
       Confuse           |       |       |       |       |     3 |       |       |       |       ||     3
       Animate Dead      |       |       |       |       |     1 |    16 |     4 |    33 |    11 ||    65
       Shroud of Golubri |       |       |       |       |       |    25 |     1 |     7 |       ||    33
       Blink             |       |       |       |       |       |     2 |     4 |     2 |       ||     8
       Passage of Golubr |       |       |       |       |       |    35 |     5 |    12 |     4 ||    56
       Lesser Beckoning  |       |       |       |       |       |     5 |    36 |    25 |    28 ||    94
       Passwall          |       |       |       |       |       |     5 |     5 |    17 |       ||    27
       Repel Missiles    |       |       |       |       |       |       |     7 |     4 |     2 ||    13
       Spectral Weapon   |       |       |       |       |       |       |    41 |    63 |    38 ||   142
       Song of Slaying   |       |       |       |       |       |       |     2 |       |       ||     2
       Control Undead    |       |       |       |       |       |       |       |     3 |     2 ||     5
       Aura of Abjuratio |       |       |       |       |       |       |       |     8 |     2 ||    10
Invok: Heroism           |       |       |     6 |    41 |    12 |     6 |     6 |     9 |     9 ||    89
       Finesse           |       |       |       |     4 |    16 |    16 |    29 |    20 |    23 ||   108
 Abil: Evoke Berserk Rag |       |     2 |     9 |    10 |       |     3 |       |       |       ||    24
       Evoke Flight      |       |       |       |       |    31 |       |       |       |       ||    31
       Evoke Fog         |       |       |       |       |       |       |       |       |    18 ||    18
       Evoke Invisibilit |       |       |       |       |       |       |       |       |     1 ||     1
Evoke: Wand              |    11 |     9 |     2 |     9 |     9 |    22 |     9 |    12 |     5 ||    88
       Phantom mirror    |       |       |       |       |       |       |     1 |       |       ||     1
  Use: Scroll            |     2 |     2 |     7 |    16 |    19 |    19 |    12 |    19 |     7 ||   103
       Potion            |       |       |       |     2 |     4 |     3 |    13 |     6 |     7 ||    35
 Stab: Paralysed         |     3 |       |       |     4 |       |       |       |     1 |       ||     8
       Sleeping          |       |     1 |       |     1 |       |     3 |     5 |    27 |     8 ||    45
       Distracted        |       |       |       |       |     5 |     6 |    15 |    25 |    12 ||    63
       Confused          |       |       |       |       |     3 |       |       |       |       ||     3
  Eat: Chunk             |       |     3 |    14 |    16 |    16 |    12 |     3 |     1 |     1 ||    66
       Meat ration       |       |     1 |       |     1 |     2 |     4 |     3 |     3 |       ||    14
       Beef jerky        |       |       |     1 |     1 |       |     2 |     1 |     2 |       ||     7
       Fruit             |       |       |       |     6 |       |     9 |       |     1 |       ||    16
       Royal jelly       |       |       |       |       |     2 |       |       |       |       ||     2
       Pizza             |       |       |       |       |     1 |     1 |     1 |     1 |       ||     4
       Bread ration      |       |       |       |       |     1 |     1 |     1 |     3 |     7 ||    13
Armor: Ring mail         |    10 |    32 |    28 |       |       |       |       |       |       ||    70
       Robe              |       |       |    24 |     8 |       |       |       |       |       ||    32
       Plate armour      |       |       |       |   322 |   254 |       |       |       |       ||   576
       Swamp dragon scal |       |       |       |       |   216 |   278 |   323 |   384 |   261 ||  1462
Dodge: Dodged            |    27 |    47 |   134 |   255 |   597 |   691 |   765 |  1069 |   775 ||  4360
       Deflected         |       |       |       |       |       |       |    17 |    16 |     8 ||    41
Block: Buckler           |       |       |       |    88 |   278 |   258 |   264 |   200 |       ||  1088
       Rpst.: Great sword |       |       |    22 |       |       |       |       |     5 |    10 ||    37
       Scimitar          |       |       |     2 |    41 |     8 |       |       |     2 |       ||    53
       Double sword      |       |       |       |    18 |   132 |   145 |   171 |   109 |       ||   575
       Triple sword      |       |       |       |       |       |       |       |   118 |   148 ||   266

Table legend:
 A = Turns spent in this place as a percentage of turns spent in the entire game.
 B = Non-inter-level travel turns spent in this place as a percentage of non-inter-level travel turns spent in the entire game.
 C = Inter-level travel turns spent in this place as a percentage of turns spent in this place.
 D = Turns resting spent in this place as a percentage of non-inter-level travel turns spent in this place.
 E = Turns spent auto-exploring this place as a percentage of non-inter-level travel turns spent in this place.
 F = Non-inter-level travel turns spent in this place divided by the number of levels of this place that you've seen.
                   A       B       C       D       E      F
               +-------+-------+-------+-------+-------+----------------------
         Total | 100.0 | 100.0 |   0.2 |   0.1 |   0.0 | 475.8
       Dungeon |  20.5 |  20.5 |   0.3 |   0.0 |   0.0 | 481.7
        Temple |   0.2 |   0.2 |   1.5 |   0.0 |   0.0 |  66.0
          Lair |   9.9 |   9.9 |   0.2 |   0.0 |   0.0 | 582.8
         Swamp |   8.2 |   8.2 |   0.0 |   0.0 |   0.0 | 725.2
     Snake Pit |   9.4 |   9.4 |   0.2 |   0.0 |   0.0 | 826.2
    Slime Pits |   3.8 |   3.8 |   0.1 |   0.8 |   0.0 | 267.0
  Orcish Mines |   3.0 |   3.0 |   0.3 |   0.0 |   0.0 | 521.5
   Elven Halls |   7.1 |   7.1 |   0.2 |   0.2 |   0.0 | 829.0
        Vaults |  10.6 |  10.6 |   0.0 |   0.0 |   0.0 | 747.8
        Depths |   9.0 |   9.0 |   0.0 |   0.0 |   0.0 | 635.8
          Hell |   1.5 |   1.5 |   0.4 |   0.4 |   0.0 | 515.0
           Dis |   5.8 |   5.9 |   0.1 |   0.2 |   0.0 | 294.3
       Gehenna |   3.5 |   3.5 |   0.0 |   0.0 |   0.0 | 176.6
      Tartarus |   5.5 |   5.5 |   0.2 |   0.2 |   0.0 | 274.4
        Bailey |   0.8 |   0.8 |   0.0 |   0.7 |   0.0 | 272.0
    Desolation |   1.2 |   1.2 |   0.0 |   0.0 |   0.0 | 425.0
               +-------+-------+-------+-------+-------+----------------------

Table legend:
 A = Kills in this place as a percentage of kills in entire the game.
 B = Kills by you in this place as a percentage of kills by you in the entire game.
 C = Kills by friends in this place as a percentage of kills by friends in the entire game.
 D = Other kills in this place as a percentage of other kills in the entire game.
 E = Experience gained in this place as a percentage of experience gained in the entire game.
 F = Experience gained in this place divided by the number of levels of this place that you have seen.
                   A       B       C       D       E      F
               +-------+-------+-------+-------+-------+----------------------
         Total | 100.0 | 100.0 | 100.0 | 100.0 | 100.0 | 19244.8
       Dungeon |  14.4 |  14.9 |   5.6 |   0.0 |   3.3 | 3099.3
          Lair |   7.8 |   8.2 |   0.0 |   0.0 |   3.2 | 7688.0
         Swamp |   7.5 |   7.1 |  14.4 |  20.0 |   5.1 | 18137.2
     Snake Pit |   7.3 |   6.5 |  21.6 |   0.0 |   7.2 | 25558.5
    Slime Pits |   3.6 |   3.8 |   0.8 |   0.0 |   4.6 | 13172.8
  Orcish Mines |   4.8 |   5.1 |   0.0 |   0.0 |   1.5 | 10953.5
   Elven Halls |   5.1 |   5.1 |   4.0 |   0.0 |   7.0 | 33060.3
        Vaults |  12.2 |  12.4 |  10.4 |   0.0 |  18.1 | 51472.2
        Depths |  10.0 |   8.7 |  30.4 |  80.0 |  16.0 | 45432.8
          Hell |   2.8 |   2.8 |   2.4 |   0.0 |   3.5 | 49752.0
           Dis |   6.6 |   6.6 |   6.4 |   0.0 |  10.5 | 21356.4
       Gehenna |   5.9 |   6.1 |   3.2 |   0.0 |   5.5 | 11149.6
      Tartarus |   9.0 |   9.4 |   0.8 |   0.0 |  12.7 | 25854.9
        Bailey |   1.3 |   1.4 |   0.0 |   0.0 |   0.1 | 1513.0
    Desolation |   1.8 |   1.9 |   0.0 |   0.0 |   1.8 | 25444.0
               +-------+-------+-------+-------+-------+----------------------

Vault maps used:
D:1:      mrwooster_arrival_statue_3
D:2:      first_bread, hangedman_decor_riveting, uniq_crazy_yiuf_cottage,
          uniq_natasha
D:3:      uniq_terence
D:4:      uniq_eustachio
D:5:      lemuel_tele_altar
D:6:      minmay_temple_entry_mist
D:7:      serial_shops, shop
D:8:      grunt_lair_entry_orc_guard_hut, serial_shops, shop_statue,
          hangedman_ranch, uniq_pikel
D:9:      hiddenorc2_lemuel, st_stairs_9, uniq_joseph, uniq_grum, uniq_erica,
          uniq_gastronok
D:10:     enter_bailey_3
D:11:     uniq_urug, uniq_erolcha
D:13:     grunt_vaults_entry_tiered
D:15:     hangedman_depths_entry_try_elsewhere_first, basic_altar,
          minmay_misc_feat_tiny, minmay_bent
Temple:   kilobyte_greek_temple
Lair:1:   tgw_fedhas, grunt_megastairs_5, serial_bayou_shore_a
Lair:2:   nicolae_swamp_entry_splash_gauntlet, nicolae_lair_grove_arrangements
Lair:3:   bh_autumn_forest_stairs
Lair:4:   guppyfry_snake_entry_garden
Lair:5:   dpeg_slime_entry_enclosed_altar, beast_lair_carwin_5, uniq_snorg
Lair:6:   hangedman_lair_in_review, hangedman_lair_caniforms_friends
Swamp:1:  evilmike_swamp_ruin_house_4
Swamp:2:  evilmike_swamp_ruin_house_1, uniq_kirke, uniq_jorgrun, uniq_roxanne
Swamp:3:  nicolae_swamp_stair_fork, ldierk_geyser
Swamp:4:  swamp_pestilence, swamp_pool5, hangedman_swamp_lotus
Snake:1:  serial_shops, shop, nicolae_shop_statue_plus, shop,
          nicolae_shop_trees, shop, spider_trap, lemuel_fruit_tree,
          grunt_megastairs_1
Snake:2:  serial_bayou_lagoon_a
Snake:3:  basic_altar
Snake:4:  johnstein_snake_rune_scales, serial_shops, statue_bzr,
          minmay_shop_grove, serial_bayou_shore_b, uniq_bai_suzhen
Orc:2:    st_orc_open, uniq_saint_roka
Elf:1:    minmay_elf_arrival_circle, serial_shops, nicolae_shop_trees,
          special_room
Elf:2:    small_statue_intersection
Elf:3:    minmay_elf_hall_hex, serial_shops, shop_fountains, uniq_aizul
Vaults:1: vaults_dpeg_spiral, nicolae_vaults_disjoint_gnomons,
          ontoclasm_vaults_shuriken, v_misc_29, grunt_vaults_funnel,
          v_pattern_2, hangedman_vaults_trim, serial_shops,
          nicolae_shop_statue_plus, nicolae_shop_behind_doors
Vaults:2: ontoclasm_vaults_pinch, hangedman_vaults_trim, v_misc_15,
          nicolae_vaults_angled_halls, ontoclasm_vaults_chip,
          ontoclasm_vaults_ring_small, v_misc_1, v_misc_27,
          vaults_dpeg_diagonal, vaults_mumra_minichess,
          hangedman_vaults_river_flow, v_misc_22,
          minmay_crypt_entry_simple_sparse, ontoclasm_vaults_loading_screen,
          portal_desolation_entry_salt, uniq_sojobo
Vaults:3: hangedman_vaults_slice, ontoclasm_vaults_misaligned,
          hangedman_vaults_hat, hangedman_vaults_restitches,
          nicolae_vaults_network_s, v_rooms_5, ontoclasm_vaults_idyll,
          v_misc_17, nicolae_vaults_twisting_passages,
          ontoclasm_vaults_decontamination
Vaults:4: nicolae_vaults_yaktaur_gun_rack, nicolae_vaults_angled_halls,
          nicolae_vaults_c_with_doors, nicolae_vaults_windows_and_doors_thing,
          hangedman_vaults_stitches, v_rooms_3, v_misc_25,
          nicolae_vaults_alarming, nicolae_vaults_mini_display_case
Vaults:5: serial_shops
Depths:1: grunt_pan_entry_zigzag, special_room, hell_entry,
          kennysheep_generic_room_10, grunt_megastairs_2
Depths:2: hangedman_box_tower, hell_entry, lemuel_statue_altar,
          lemuel_flames_and_gold
Depths:3: kennysheep_six_static_rooms, enter_ziggurat_e, minmay_strange_pillars,
          hell_entry, rand_demon_pan_entry_8,
          nicolae_abyss_entry_one_way_or_another, minmay_librarian, uniq_boris
Depths:4: minmay_fractal_lines_corner, hell_entry,
          abyss_entry_small_statue_room, columned_hall_lemuel,
          grunt_megastairs_3
Depths:5: evilmike_zot_entry_castle, serial_sigils_hangedman_writhe,
          pf_coc_iceberg, uniq_mennas
Dis:7:    dis_st
Geh:4:    nicolae_geh_amphitheater
Geh:7:    evilmike_geh
Tar:2:    nicolae_tar_cuneiform_to_be, lemuel_elevator
Tar:5:    evilmike_ambush
Tar:6:    lemuel_elevator
Tar:7:    tar_minmay_river
Bailey:   bailey_axe_1, bailey
